 Dungeon Crawl Stone Soup version 0.18.1-8-gdd0e5ea (webtiles) character file.

251500 M4edhros the Fencer (level 20, -9/149 HPs)
             Began as a Formicid Hunter on June 4, 2016.
             Was the Champion of Dithmenos.
             Killed from afar by a crystal guardian (58 damage)
             ... with a crystal bolt
             ... on level 3 of the Elven Halls.
             The game lasted 01:31:30 (45007 turns).

M4edhros the Fencer (Formicid Hunter)              Turns: 45007, Time: 01:31:31

Health: -9/149     AC: 38    Str: 23    XL:     20   Next: 45%
Magic:  24/24      EV: 11    Int: 14    God:    Dithmenos [******]
Gold:   2938       SH: 26    Dex: 21    Spells: 0 memorised, 19 levels left

rFire  . . .     SeeInvis +     E - +8 demon blade "Bloodbane" {slice, *Rage +Rage Stlth-}
rCold  + . .     Gourm    .     b - +8 orange crystal plate armour {Archmagi, Int+3 Clar SustAt}
rNeg   . . .     Faith    .     T - +5 large shield
rPois  +         Spirit   .     (helmet unavailable)
rElec  .         Dismiss  .     S - +0 cloak {rPois}
rCorr  .         Reflect  .     m - +1 pair of gloves {Dex+3}
SustAt +         Harm     .     y - +0 pair of boots "Peil Men" {Dex+4}
MR     +++..     Clarity  +     R - amulet of regeneration
Stlth  ..........               U - ring of protection from magic
                                M - +4 ring of strength

@: wreathed by umbra, extremely resistant to hostile enchantments, extremely
unstealthy
A: permanent stasis, dig shafts and tunnels, four strong arms, antennae 3, thin
metallic scales 1, clumsy 1, cold resistance 1, frail 1, screaming 1, shaggy fur
1, weak 1, evolution 2
a: Dig, Shaft Self, Shadow Step, Shadow Form, Renounce Religion
}: 2/15 runes: decaying, gossamer


You were on level 3 of the Elven Halls.
You worshipped Dithmenos.
Dithmenos was exalted by your worship.
You were hungry.

You visited 7 branches of the dungeon, and saw 37 of its levels.
You also visited: Ice Cave and Volcano.

You collected 4279 gold pieces.
You spent 1166 gold pieces at shops.

Inventory:

Hand Weapons
 a - a +5 triple sword of freezing
 e - a +0 blowgun
 E - the +8 demon blade "Bloodbane" (weapon) {slice, *Rage +Rage Stlth-}
   (You found it on level 15 of the Dungeon)

   It inflicts extra damage upon your enemies.
   It lets you go berserk.
   It may make you go berserk in combat.
   It makes you less stealthy.
 V - a +0 arbalest
Missiles
 i - 211 bolts
 z - 3 curare-tipped needles
 J - 136 poisoned needles
Armour
 b - the +8 orange crystal plate armour (worn) {Archmagi, Int+3 Clar SustAt}
   (You found it on level 4 of the Lair of Beasts)

   It affects your intelligence (+3).
   It sustains your strength, intelligence and dexterity.
   It protects you against confusion.
 l - a +2 pair of gloves
 m - a +1 pair of gloves of dexterity (worn)
 y - the +0 pair of boots "Peil Men" (worn) {Dex+4}
   (You acquired it on level 14 of the Dungeon)

   It affects your dexterity (+4).
 K - the cursed +1 robe "Tupp" {rElec rC+ Dex+3 SInv}
   (You found it in an ice cave)

   It affects your dexterity (+3).
   It protects you from cold.
   It insulates you from electricity.
   It lets you see invisible.
   It has a curse placed upon it.
 S - a +0 cloak of poison resistance (worn)
 T - a +5 large shield (worn)
Jewellery
 o - a +3 ring of strength
 p - an uncursed amulet of guardian spirit
 w - an uncursed amulet of dismissal
 x - an uncursed ring of poison resistance
 A - an uncursed ring of magical power
 F - an uncursed ring of positive energy
 M - a +4 ring of strength (left hand)
 R - an amulet of regeneration (around neck)
 U - a ring of protection from magic (right hand)
 Z - an uncursed ring of flight
Wands
 g - a wand of lightning (6/15)
 n - a wand of iceblast (1/15)
 r - a wand of teleportation (1/9)
 v - a wand of teleportation (3/9)
 D - a wand of disintegration (8/24)
 N - a wand of paralysis (13/24)
 P - a wand of lightning (2/15)
 Y - a wand of digging (14/24)
Scrolls
 c - 7 scrolls of identify
 j - 2 scrolls of fog
 t - 4 scrolls of noise
 u - 6 scrolls of magic mapping
 B - 3 scrolls of fear
 C - 2 scrolls of amnesia
 G - 2 scrolls of summoning
 H - a scroll of enchant armour
 I - 6 scrolls of recharging
 Q - 2 scrolls of remove curse
Potions
 d - a potion of magic
 h - 2 potions of curing
 s - 6 potions of ambrosia
 L - 3 potions of flight
 O - 2 potions of invisibility
 X - 3 potions of cancellation
Comestibles
 f - 16 bread rations
 k - a slice of pizza
 q - 3 fruits
 W - 6 beef jerkies


   Skills:
 * Level 16.7 Fighting
 * Level 18.0 Long Blades
   Level 7.0 Polearms
 - Level 4.0 Crossbows
 + Level 12.9 Armour
 + Level 10.7 Dodging
 - Level 13.0 Stealth
 - Level 15.9 Shields
 * Level 3.6 Invocations
 - Level 5.4 Evocations


You had 19 spell levels left.
You didn't know any spells.

Dungeon Overview and Level Annotations

Branches:
Dungeon (15/15)            Temple (1/1) D:4            Lair (8/8) D:8
  Swamp (4/4) Lair:5       Spider (4/4) Lair:4        Slime (0/6) Lair:6
    Orc (2/2) D:11            Elf (3/3) Orc:2        Vaults (0/5) D:14
 Depths (0/5) D:15

Altars:
Ashenzari
Cheibriados
Dithmenos
Elyvilon
Fedhas
Gozag
Kikubaaqudgha
Makhleb
Nemelex Xobeh
Okawaru
Pakellas
Qazlal
Ru
Sif Muna
Trog
Vehumet
Xom
Yredelemnul
Zin
The Shining One

Shops:
D:11 ([   D:12 ?[[   D:13 }   D:14 %?   Orc:2 (:%?   Elf:3 %

Portals:
Pandemonium: Orc:2

Annotations:
Lair:7 Nessos, Snorg
Elf:2 3 runed doors


Innate Abilities, Weirdness & Mutations

You are under a permanent stasis effect.
You can dig through walls and to a lower floor.
Your four strong arms can wield two-handed weapons with a shield.
You have a pair of large antennae on your head (SInv).
You are partially covered in thin metallic scales (AC +2).
You are clumsy. (Dex -2)
Your flesh is cold resistant.
You are frail (-10% HP).
You occasionally shout uncontrollably at your foes.
You are covered in fur (AC +1).
You are weak. (Str -2)
You rapidly evolve.


Message History

The crystal bolt burns you! The crystal bolt misses you.
The crystal bolt burns the crystal guardian.
The crystal guardian completely resists.
You extend your mandibles.
You dig through the rock wall.
Drink which item? (? for menu, Esc to quit)
You feel better.
The crystal guardian fires a crystalline bolt at you.
The crystal bolt burns you!
You retract your mandibles.
You slash the crystal guardian!
The crystal guardian is heavily damaged.
The crystal guardian fires a crystalline bolt at you.
The crystal bolt misses you.
You hit the crystal guardian.
The crystal guardian is heavily damaged.
You hit the crystal guardian.
The crystal guardian is heavily damaged.
The crystal guardian fires a crystalline bolt at you.
The crystal bolt burns you!
You die...

#.....# #.....# ##
###.############ .#
#)##§§e§.....# .#
#.##§§§§....## .#
#§#§§§§{...## '###
#§§#§###{#'# ...##
#§###)#8##.#
....#####.##.###@#.#
.....'.............##
.:...####.###.......#
....##)#..##).#####.#
...##.#)#.#.#.# #.#
#.#######'.##'#####'###
#'# ##........##.....##
#.####...[.....#.......##
#....'..................#


You could see a crystal guardian.

Vanquished Creatures
  Mara (Swamp:4)
  Nikola (Elf:3)
  Rupert (Spider:1)
  A deep elf master archer (Elf:3)
  Asterion (Elf:1)
  A deep elf blademaster (Elf:3)
  A sphinx (Elf:1)
  A thorn hunter (Swamp:3)
  Roxanne (Elf:3)
  The ghost of M4edhros the Impaler, an adept FoHu of Dithmenos (Lair:7)
  2 deep elf sorcerers (Elf:3)
  An orc warlord (Orc:2)
  The ghost of raikaria the Nimble, a journeyman MfTm of Dithmenos (Orc:2)
  6 ghost moths
  3 emperor scorpions
  A deep elf elementalist (Elf:1)
  A deep elf demonologist (Elf:3)
  2 deep elf annihilators (Elf:3)
  3 spark wasps
  Azrael (Spider:1)
  The ghost of kirsanium the Thaumaturge, a journeyman DEFE of Vehumet (Lair:5)
  2 blizzard demons (IceCv)
  3 fire dragons (Elf:1)
  A vault guard (D:14)
  2 crystal guardians (Elf:3)
  2 deep elf death magi (Elf:3)
  A deep elf high priest (Elf:3)
  2 entropy weavers
  21 hydras
  2 ghost crabs
  An ogre mage (Volcano)
  An ice dragon (Lair:8)
  4 centaur warriors
  8 alligators
  A death yak (Lair:3)
  9 dancing weapons
  Erolcha (D:8)
  5 orc high priests
  A soul eater (Orc:1)
  10 deep elf knights
  Nergalle (Lair:3)
  A fire crab (Lair:5)
  4 unseen horrors
  2 spriggan druids
  10 swamp dragons
  2 putrid demonspawn (Orc:2)
  2 hill giants (D:12)
  13 deep elf archers
  2 lindwurms (Lair:8)
  A shambling mangrove (Swamp:4)
  A wolf spider zombie (D:15)
  A harpy (Elf:1)
  13 orb spiders
  Pikel (D:6)
  9 orc sorcerers
  6 ugly things
  3 manticores
  3 griffons
  4 hornets
  2 moths of wrath
  28 wolf spiders
  5 orc knights
  47 deep elf magi
  A shining eye (shapeshifter) (D:15)
  5 cyclopes
  5 elephants (Lair:5)
  3 ice statues
  An elephant (shapeshifter) (Elf:2)
  A sixfirhy (Orc:2)
  5 centaur zombies
  A rust devil (Orc:2)
  2 black mambas (Lair:6)
  7 torpor snails
  20 spiny frogs
  A smoke demon (Orc:2)
  A gargoyle (D:11)
  3 komodo dragons
  An orange demon (Orc:2)
  2 rime drakes
  2 freezing wraiths (IceCv)
  14 demonic crawlers
  4 anaconda simulacra (IceCv)
  2 kobold demonologists
  5 ice devils
  A harpy zombie (D:14)
  A wolf spider simulacrum (IceCv)
  Prince Ribbit (D:7)
  9 two-headed ogres
  9 giant leeches
  31 jumping spiders
  The ghost of M4edhros the Ducker, an amateur FoHu (D:4)
  7 trolls
  A polar bear (Lair:2)
  9 blink frogs
  10 bog bodies
  16 slime creatures
  4 boulder beetles
  A shadow (Swamp:3)
  47 redbacks
  2 spriggans
  2 wraiths (D:15)
  Sigmund (D:6)
  2 air elementals
  56 yaks
  A centaur simulacrum (D:14)
  A vampire (D:11)
  30 tarantellas
  2 water elementals
  3 wyverns
  A dire elephant simulacrum (IceCv)
  7 fire elementals
  8 hippogriffs
  A steam dragon (Lair:4)
  A neqoxec (Orc:2)
  Grum (D:10)
  18 vampire mosquitoes
  3 hungry ghosts
  2 harpy simulacra (IceCv)
  2 iron troll simulacra (IceCv)
  2 wargs
  A soldier ant (D:14)
  10 insubstantial wisps
  A swamp worm (shapeshifter) (D:15)
  19 swamp worms
  15 water moccasins
  A giant eyeball (shapeshifter) (D:14)
  4 hell hounds
  3 hydra simulacra (IceCv)
  5 porcupines
  A necrophage (D:11)
  2 phantoms
  A slave (D:6)
  3 black bears
  37 orc warriors
  7 swamp drakes
  A sky beast (D:10)
  5 ice beasts
  2 eyes of draining
  11 wasps
  7 ogres
  3 ettin simulacra (IceCv)
  9 wolves
  11 centaurs
  13 crocodiles
  A big kobold (D:9)
  A gnoll sergeant (D:9)
  31 giant frogs
  7 earth elementals
  A wyvern skeleton (D:7)
  7 scorpions
  5 killer bees (D:8)
  2 elephant simulacra (IceCv)
  3 spriggan skeletons (D:11)
  9 wights
  2 howler monkeys (D:12)
  15 jellies
  5 electric eels
  7 crimson imps
  4 giant frog zombies
  A quasit (D:10)
  2 draconian simulacra (IceCv)
  10 hounds
  22 orc priests
  7 centaur skeletons
  14 orc wizards
  A giant frog skeleton (D:9)
  12 iguanas
  6 hell rats (Lair:4)
  11 worker ants
  2 polar bear simulacra (IceCv)
  2 spriggan simulacra (IceCv)
  A wolf simulacrum (IceCv)
  5 troll simulacra (IceCv)
  A killer bee zombie (D:11)
  14 sheep
  A hound zombie (D:7)
  A hound skeleton (D:10)
  A howler monkey zombie (D:10)
  2 worker ant zombies
  8 gnolls (D:9)
  2 ogre simulacra (IceCv)
  17 adders
  4 naga simulacra (IceCv)
  54 river rats
  7 white imps (IceCv)
  3 ufetubi (IceCv)
  2 oozes
  2 adder skeletons
  19 worms
  6 dart slugs
  6 giant geckos
  75 orcs
  7 bats
  4 giant cockroaches
  6 goblins
  14 hobgoblins
  18 jackals
  3 quokkas
  6 ball pythons (D:2)
  7 giant newts
  A jackal skeleton (D:4)
  16 kobolds
  A quokka zombie (D:8)
  9 rats
  A butterfly (D:4)
  2 fungi
  2 plants (Lair:8)
1340 creatures vanquished.

Vanquished Creatures (collateral kills)
  the Lernaean hydra (Swamp:4)
  2 swamp dragons (Swamp:4)
  A vampire mosquito (Swamp:4)
  A swamp drake (Swamp:4)
5 creatures vanquished.

Vanquished Creatures (others)
  A naga (Swamp:4)
  A deep elf mage (Elf:2)
  A jumping spider (Spider:1)
  3 redbacks (Spider:2)
  A water moccasin (Lair:3)
  A river rat (Lair:5)
  5 ufetubi (IceCv)
  An orc (Elf:2)
  A quokka (D:9)
  2 giant newts (Lair:5)
  6 fungi
  7 plants (Lair:8)
30 creatures vanquished.

Grand Total: 1375 creatures vanquished

Notes
Turn   | Place    | Note
--------------------------------------------------------------
     0 | D:1      | M4edhros the Formicid Hunter began the quest for the Orb.
     0 | D:1      | Reached XP level 1. HP: 16/16 MP: 1/1
    84 | D:1      | Reached XP level 2. HP: 18/22 MP: 2/2
   182 | D:1      | Reached XP level 3. HP: 27/28 MP: 3/3
   763 | D:2      | Reached XP level 4. HP: 34/34 MP: 4/4
  1369 | D:3      | Reached XP level 5. HP: 38/41 MP: 5/5
  1812 | D:4      | Noticed M4edhros's ghost (amateur FoHu)
  1821 | D:4      | Killed M4edhros's ghost
  1821 | D:4      | Reached XP level 6. HP: 42/48 MP: 3/6
  1914 | D:4      | You fall through a shaft!
  1914 | D:5      | Entered Level 5 of the Dungeon
  1969 | D:5      | Reached XP level 7. HP: 54/54 MP: 7/7
  2117 | D:5      | Reached skill level 5 in Dodging
  2292 | D:4      | Found a staircase to the Ecumenical Temple.
  2343 | D:4      | Found a shimmering altar of Xom.
  2363 | Temple   | Entered the Ecumenical Temple
  2441 | Temple   | Became a worshipper of Dithmenos the Shadowed
  3133 | D:3      | Reached skill level 5 in Stealth
  3307 | D:3      | Found an opulent altar of Gozag.
  3563 | D:4      | Reached * piety under Dithmenos
  3565 | D:4      | Reached skill level 1 in Polearms
  3565 | D:4      | Reached XP level 8. HP: 48/61 MP: 8/8
  4230 | D:6      | Noticed Sigmund
  4258 | D:6      | Killed Sigmund
  4258 | D:6      | Reached skill level 5 in Fighting
  4498 | D:6      | Noticed Pikel
  4534 | D:6      | Killed Pikel
  4534 | D:6      | Reached XP level 9. HP: 62/69 MP: 9/9
  4851 | D:6      | Found an iron altar of Okawaru.
  4851 | D:6      | Found a snail-covered altar of Cheibriados.
  5390 | D:7      | Noticed Prince Ribbit
  5407 | D:7      | Killed Prince Ribbit
  5407 | D:7      | Reached skill level 5 in Polearms
  6532 | D:8      | Found a burning altar of Makhleb.
  6575 | D:8      | Noticed a troll
  6585 | D:8      | Killed a troll
  6593 | D:8      | Reached ** piety under Dithmenos
  6616 | D:8      | Reached XP level 10. HP: 34/77 MP: 10/10
  7367 | D:8      | Reached skill level 1 in Long Blades
  7386 | D:8      | Reached skill level 2 in Long Blades
  7618 | D:8      | Found a staircase to the Lair.
  7788 | D:8      | Reached skill level 3 in Long Blades
  7789 | D:8      | Found a sparkling altar of Nemelex Xobeh.
  8258 | D:8      | Found a glowing golden altar of the Shining One.
  8258 | D:8      | Noticed Erolcha
  8776 | D:9      | Reached skill level 4 in Long Blades
  9062 | D:9      | Found a white marble altar of Elyvilon.
  9120 | D:9      | Reached XP level 11. HP: 60/86 MP: 11/11
  9243 | D:9      | Reached *** piety under Dithmenos
  9395 | D:9      | Reached skill level 5 in Long Blades
  9730 | D:10     | Entered Level 10 of the Dungeon
 10173 | D:10     | Found a bloodstained altar of Trog.
 10209 | D:10     | Reached skill level 6 in Long Blades
 10209 | D:10     | Reached skill level 10 in Stealth
 10223 | D:10     | Gained mutation: You are weak. (Str -2) [mutagenic meat]
 10224 | D:10     | Gained mutation: You are agile. (Dex +2) [mutagenic meat]
 10225 | D:10     | Lost mutation: You are agile. (Dex +2) [mutagenic meat]
 10226 | D:10     | Gained mutation: You are partially covered in thin metallic scales (AC +2). [mutagenic meat]
 10227 | D:10     | Gained mutation: You are frail (-10% HP). [mutagenic meat]
 10276 | D:10     | Noticed Grum
 10329 | D:10     | HP: 1/78 [troll (6)]
 10673 | D:10     | Killed Grum
 11339 | D:10     | Reached skill level 7 in Long Blades
 11603 | D:11     | Found Qyjaqowa's Armour Boutique.
 11603 | D:11     | Found a staircase to the Orcish Mines.
 11605 | D:11     | Found Yhaa's Weapon Boutique.
 12080 | D:11     | Bought a +0 large shield for 54 gold pieces
 12089 | D:11     | Noticed a brown ugly thing
 12148 | D:11     | Reached skill level 1 in Shields
 12350 | D:11     | Reached **** piety under Dithmenos
 12388 | D:11     | You fall through a shaft for 2 floors!
 12533 | D:13     | Reached XP level 12. HP: 50/85 MP: 12/12
 12919 | D:13     | Reached skill level 8 in Long Blades
 13169 | D:13     | Found Joockiwn's Gadget Emporium.
 13327 | D:12     | Noticed an unseen horror
 13355 | D:12     | Killed an unseen horror
 13442 | D:12     | Reached skill level 5 in Shields
 13458 | D:12     | Gained mutation: You occasionally shout uncontrollably at your foes. [mutagenic meat]
 13459 | D:12     | Gained mutation: You are agile. (Dex +2) [mutagenic meat]
 13793 | D:12     | Found Ynoerchej's Antique Armour Boutique.
 13801 | D:12     | Bought a pair of glowing gloves for 157 gold pieces
 13945 | D:12     | Reached skill level 9 in Long Blades
 14317 | D:12     | Found Piegaip's Magic Scroll Shoppe.
 14329 | D:12     | Bought a scroll of enchant armour for 97 gold pieces
 14329 | D:12     | Bought a scroll of identify for 26 gold pieces
 14332 | D:12     | Gained mutation: You are very frail (-20% HP). [potion of mutation]
 14332 | D:12     | Gained mutation: Your magical capacity is low (-10% MP). [potion of mutation]
 14513 | D:12     | Found Vadurgh's Armour Shoppe.
 14751 | D:11     | Noticed a five-headed hydra
 14818 | D:11     | Reached ***** piety under Dithmenos
 14938 | D:11     | Reached XP level 13. HP: 53/80 MP: 11/11
 15242 | D:8      | Killed Erolcha
 15242 | D:8      | Reached skill level 10 in Long Blades
 15269 | Lair:1   | Entered Level 1 of the Lair of Beasts
 16017 | Lair:2   | Lost mutation: You are weak. (Str -2) [potion of mutation]
 16017 | Lair:2   | Lost mutation: You are very frail (-20% HP). [potion of mutation]
 16021 | Lair:2   | Noticed a seven-headed hydra
 16225 | Lair:2   | Noticed a six-headed hydra
 16830 | Lair:3   | Noticed Nergalle
 16840 | Lair:3   | Killed Nergalle
 16840 | Lair:3   | Reached skill level 1 in Evocations
 17883 | Lair:4   | Reached skill level 10 in Shields
 17932 | Lair:4   | Found a hole to the Spider Nest.
 18059 | Lair:4   | Lost mutation: You occasionally shout uncontrollably at your foes. [potion of cure mutation]
 18059 | Lair:4   | Lost mutation: Your magical capacity is low (-10% MP). [potion of cure mutation]
 18059 | Lair:4   | Lost mutation: You are agile. (Dex +2) [potion of cure mutation]
 18179 | Lair:4   | Noticed a seven-headed hydra
 18348 | Lair:4   | Killed a ten-headed hydra
 18352 | Lair:4   | Reached skill level 11 in Long Blades
 18557 | Lair:5   | Reached skill level 1 in Armour
 18744 | Lair:5   | Found a dark tunnel.
 18838 | Lair:5   | Reached ****** piety under Dithmenos
 18874 | Volcano  | Entered a volcano
 18893 | Volcano  | Found a bloodstained altar of Trog.
 18894 | Volcano  | Noticed an ogre mage
 18903 | Volcano  | Killed an ogre mage
 18903 | Volcano  | Reached XP level 14. HP: 91/97 MP: 17/17
 19092 | Lair:5   | Noticed kirsanium's ghost (journeyman DEFE)
 19110 | Lair:5   | Killed kirsanium's ghost
 19178 | Lair:5   | Found a staircase to the Swamp.
 20579 | Lair:6   | Found a staircase to the Slime Pits.
 21045 | Lair:6   | Reached skill level 5 in Evocations
 21416 | Lair:7   | Noticed M4edhros's ghost (adept FoHu)
 22681 | Lair:7   | Noticed Snorg
 22693 | Lair:7   | You fall through a shaft!
 22693 | Lair:8   | Entered Level 8 of the Lair of Beasts
 22873 | Lair:8   | Reached skill level 5 in Armour
 22926 | Lair:8   | Found a runed door.
 22930 | Lair:8   | Reached skill level 12 in Long Blades
 23358 | Lair:8   | Identified Biese's Volume of Hexes
 23996 | Lair:7   | Noticed Nessos
 24609 | D:14     | Found Zuasch's Food Boutique.
 24707 | D:14     | Found Etusuth's Magic Scroll Shoppe.
 24715 | D:14     | Bought a scroll of acquirement for 572 gold pieces
 24716 | D:14     | Got a pair of faintly humming boots
 24722 | D:14     | Identified the +0 pair of boots "Peil Men" {Dex+4} (You acquired it on level 14 of the Dungeon)
 25113 | D:14     | Reached XP level 15. HP: 74/101 MP: 19/19
 25147 | D:14     | Gained mutation: You have large cloven feet. [mutagenic meat]
 25148 | D:14     | Gained mutation: You occasionally shout uncontrollably at your foes. [mutagenic meat]
 25149 | D:14     | Gained mutation: You evolve. [mutagenic meat]
 25599 | D:14     | Found a gate to the Vaults.
 25823 | D:15     | Entered Level 15 of the Dungeon
 25834 | D:15     | Gained mutation: Your spells are a little easier to cast, but a little less powerful. [a shining eye]
 25901 | D:15     | Reached skill level 13 in Long Blades
 26560 | D:15     | Gained mutation: Your magical capacity is low (-10% MP). [mutagenic meat]
 26561 | D:15     | Gained mutation: You rapidly evolve. [mutagenic meat]
 26565 | D:15     | Found a staircase to the Depths.
 26874 | D:14     | Gained mutation: Your mind is acute. (Int +2) [evolution]
 26929 | Orc:1    | Entered Level 1 of the Orcish Mines
 27131 | Orc:2    | Entered Level 2 of the Orcish Mines
 27145 | Orc:2    | Reached skill level 10 in Fighting
 27359 | Orc:2    | Noticed raikaria's ghost (journeyman MfTm)
 27381 | Orc:2    | Killed raikaria's ghost
 27400 | Orc:2    | Found a staircase to the Elven Halls.
 27458 | Orc:2    | Noticed an orc warlord
 27503 | Orc:2    | Killed an orc warlord
 28104 | Orc:2    | Found Jyuneceg's Food Shoppe.
 28105 | Orc:2    | Found Nosavo's Magic Scroll Emporium.
 28317 | Orc:2    | Bought a scroll of fog for 22 gold pieces
 28317 | Orc:2    | Bought a scroll of enchant armour for 82 gold pieces
 28548 | Orc:2    | Reached XP level 16. HP: 102/110 MP: 18/18
 28679 | Orc:2    | Found Tuleik's Antique Weapon Shop.
 28679 | Orc:2    | Found Upema's Book Boutique.
 28682 | Orc:2    | Found a one-way gate leading to the halls of Pandemonium.
 28894 | Orc:2    | Gained mutation: You are covered in fur (AC +1). [evolution]
 28953 | D:11     | Bought a +1 ring mail of poison resistance for 156 gold pieces
 29179 | Swamp:1  | Entered Level 1 of the Swamp
 29544 | Lair:8   | Got a transparent war axe
 29545 | Lair:8   | Identified the +9 war axe "Undertaker" {chop, rN+ Str+5} (You found it on level 8 of the Lair of Beasts)
 29643 | Swamp:1  | Reached skill level 14 in Long Blades
 31143 | Swamp:3  | Found a burning altar of Makhleb.
 31646 | Swamp:3  | Hired Jiradgh the naga for 175 gold.
 31647 | Swamp:3  | Lost mutation: You have large cloven feet. [helix card]
 31651 | Swamp:3  | Drew Focus: Str increased to 20, Int decreased to 10
 31719 | Swamp:4  | Entered Level 4 of the Swamp
 31731 | Swamp:4  | Reached skill level 15 in Shields
 31732 | Swamp:4  | Noticed a thorn hunter
 31732 | Swamp:4  | Noticed Mara
 31733 | Swamp:4  | Your ally Jiradgh died
 31747 | Swamp:3  | Killed a thorn hunter
 31907 | Swamp:3  | Gained mutation: You are weak. (Str -2) [evolution]
 32147 | Spider:1 | Entered Level 1 of the Spider Nest
 32167 | Spider:1 | Noticed Rupert
 32178 | Spider:1 | Noticed Azrael
 32184 | Spider:1 | Killed Rupert
 32184 | Spider:1 | Reached XP level 17. HP: 76/119 MP: 13/18
 32190 | Spider:1 | Killed Azrael
 33049 | Spider:2 | Reached skill level 15 in Long Blades
 33118 | Spider:2 | Found a frozen archway.
 33306 | IceCv    | Entered an ice cave
 34777 | IceCv    | Got a transparent hat
 34782 | IceCv    | Got a shimmering robe
 34783 | IceCv    | Identified the cursed +1 robe "Tupp" {rElec rC+ Dex+3 SInv} (You found it in an ice cave)
 34863 | IceCv    | Gained mutation: You have large cloven feet. [evolution]
 35029 | Spider:2 | Reached skill level 10 in Armour
 35939 | Spider:3 | Gained mutation: Your flesh is cold resistant. [mutagenic meat]
 35940 | Spider:3 | Gained mutation: You are clumsy. (Dex -2) [mutagenic meat]
 35941 | Spider:3 | Gained mutation: You are very frail (-20% HP). [mutagenic meat]
 36177 | Lair:7   | Killed M4edhros's ghost
 36177 | Lair:7   | Reached XP level 18. HP: 116/116 MP: 19/19
 36199 | Lair:8   | Lost mutation: Your magical capacity is low (-10% MP). [potion of cure mutation]
 36199 | Lair:8   | Lost mutation: Your mind is acute. (Int +2) [potion of cure mutation]
 36199 | Lair:8   | Lost mutation: You have large cloven feet. [potion of cure mutation]
 36199 | Lair:8   | Lost mutation: You are very frail (-20% HP). [potion of cure mutation]
 36199 | Lair:8   | Lost mutation: Your spells are a little easier to cast, but a little less powerful. [potion of cure mutation]
 36686 | Spider:4 | Entered Level 4 of the Spider Nest
 36941 | Spider:4 | Reached skill level 16 in Long Blades
 38185 | Spider:4 | Got a gossamer rune of Zot
 38913 | Swamp:4  | Noticed the 27-headed Lernaean hydra
 38916 | Swamp:4  | Killed the 27-headed Lernaean hydra
 39283 | Swamp:4  | Reached skill level 15 in Fighting
 39305 | Swamp:4  | Noticed M4edhros's illusion
 39521 | Swamp:4  | Noticed M4edhros's illusion
 39585 | Swamp:4  | Noticed M4edhros's illusion
 39743 | Swamp:4  | Killed Mara
 39743 | Swamp:4  | Reached XP level 19. HP: 78/139 MP: 14/23
 40222 | Swamp:4  | Got a decaying rune of Zot
 41274 | Elf:1    | Entered Level 1 of the Elven Halls
 41277 | Elf:1    | Noticed Asterion
 41292 | Elf:1    | Killed Asterion
 41400 | Elf:1    | Reached skill level 10 in Dodging
 41418 | Elf:1    | Reached skill level 17 in Long Blades
 42784 | Elf:2    | Found a runed gate.
 42785 | Elf:2    | Found a runed gate.
 42788 | Elf:2    | Found a runed gate.
 43332 | Elf:3    | Entered Level 3 of the Elven Halls
 43332 | Elf:3    | Found Sewesor's Food Emporium.
 43494 | Elf:3    | Reached XP level 20. HP: 109/149 MP: 24/24
 43660 | Elf:3    | Noticed Roxanne
 43677 | Elf:3    | Killed Roxanne
 44193 | Elf:3    | Noticed Nikola
 44251 | Elf:3    | Killed Nikola
 44328 | Elf:3    | Reached skill level 1 in Invocations
 44730 | Elf:3    | Reached skill level 18 in Long Blades
 45007 | Elf:3    | Killed from afar by a crystal guardian

Skill      XL: |  1  2  3  4  5  6  7  8  9 10 11 12 13 14 15 16 17 18 19 20 |
---------------+-------------------------------------------------------------+-----
Dodging        | 2 3 4 5 6 7 8 9 10 | 10.7
Stealth        | 2 3 4 5 6 7 9 10 12 13 | 13.0
Fighting       | 3 4 5 6 8 9 10 12 13 15 16 | 16.7
Polearms       | 1 4 6 7 |  7.0
Long Blades    | 4 7 9 11 12 13 14 15 16 17 18 | 18.0
Shields        | 2 7 10 12 13 15 | 15.9
Evocations     | 4 5 |  5.4
Armour         | 2 6 9 10 11 12 | 12.9
Invocations    | 3 |  3.6
Crossbows      | |  4.0

Action                   |  1- 3 |  4- 6 |  7- 9 | 10-12 | 13-15 | 16-18 | 19-21 || total
-------------------------+-------+-------+-------+-------+-------+-------+-------++-------
Melee: Short sword       |       |    78 |    32 |       |       |       |       ||   110
       Dagger            |       |       |   322 |   471 |       |       |       ||   793
       Spear             |       |       |    56 |   105 |       |       |       ||   161
       Trident           |       |       |    18 |       |       |       |       ||    18
       Triple sword      |       |       |       |   455 |  1131 |   663 |   648 ||  2897
       Demon blade       |       |       |       |       |   427 |   899 |   164 ||  1490
 Fire: Hand crossbow     |    74 |    62 |    25 |    12 |       |       |       ||   173
       Arbalest          |       |       |       |     1 |    11 |    67 |    38 ||   117
       Blowgun           |       |       |       |       |       |     2 |       ||     2
Invok: Shadow Step       |       |       |       |       |       |       |     1 ||     1
 Abil: Dig               |       |       |     1 |     6 |     8 |    36 |    15 ||    66
       Shaft Self        |       |       |       |     1 |     1 |       |       ||     2
       Evoke Flight      |       |       |       |       |       |    10 |     1 ||    11
Evoke: Wand              |       |       |       |     8 |    24 |     5 |     2 ||    39
       Deck              |       |       |       |       |       |     8 |       ||     8
       Phantom mirror    |       |       |       |       |       |     1 |       ||     1
  Use: Scroll            |       |     7 |       |    22 |    13 |     9 |     3 ||    54
       Potion            |       |       |     4 |     8 |    11 |    13 |     7 ||    43
 Stab: Sleeping          |       |     2 |    19 |    28 |    19 |     9 |       ||    77
       Distracted        |       |       |     1 |     3 |       |       |       ||     4
       Invisible         |       |       |       |     4 |       |       |       ||     4
       Paralysed         |       |       |       |     2 |     3 |       |       ||     5
  Eat: Chunk             |       |     2 |    14 |    38 |    33 |    15 |     6 ||   108
       Royal jelly       |       |       |     1 |     1 |     1 |       |     1 ||     4
       Beef jerky        |       |       |       |     1 |     1 |     1 |       ||     3
       Meat ration       |       |       |       |       |     4 |     3 |     1 ||     8
       Bread ration      |       |       |       |       |       |     5 |       ||     5
       Fruit             |       |       |       |       |       |     3 |     5 ||     8
Armor: Leather armour    |    10 |       |       |       |       |       |       ||    10
       Ring mail         |       |    44 |   102 |       |       |   134 |       ||   280
       Robe              |       |       |    31 |   166 |    20 |       |       ||   217
       Skin              |       |       |       |    13 |       |       |       ||    13
       Crystal plate arm |       |       |       |       |   824 |   762 |   344 ||  1930
Dodge: Dodged            |    17 |    61 |   383 |   799 |   420 |   765 |   156 ||  2601
Block: Large shield      |       |       |       |   359 |  1914 |  2270 |   784 ||  5327
